 Dungeon Crawl Stone Soup version 0.31-a0-1308-ga3cce3a448 (webtiles) character file.

Game seed: 15879064714196384317

31531 Turgor the Mimic (level 13, -1/108 HPs)
             Began as a Red Draconian Shapeshifter on Dec 15, 2023.
             Was a High Priest of Fedhas.
             Slain by a hell beast (2 damage)
             ... in a Gauntlet on Dec 19, 2023.
             The game lasted 01:37:22 (14779 turns).

Turgor the Mimic (Red Draconian Shapeshifter)      Turns: 14779, Time: 01:37:23

Health: -1/108     AC: 13    Str: 17    XL:     13   Next: 26%
Magic:  0/19       EV: 17    Int: 14    God:    Fedhas [*****.]
Gold:   795        SH:  0    Dex: 16    Spells: 14/19 levels left

rFire   + .          .
                       - Unarmed
rCold   . . .        (shield currently unavailable)
rNeg    . . .        (body armour unavailable)
rPois   +            (helmet restricted)
rElec   .            (no cloak)
rCorr   .            n - melded +0 pair of gloves
SInv    .            s - +0 pair of boots
Will    .....        e - amulet of guardian spirit
Stlth   +            D - ring of protection from fire
HPRegen 0.38/turn    i - ring "Qunon" {rPois rF- AC+4 Dex+4}
MPRegen 0.16/turn

%: no teleportation, guardian spirit
@: blade hands, hasted, very quick
A: breathe fire, AC +8, unfitting armour, fire resistance 1, cold-blooded
a: Breathe Fire, Begin Untransformation, Renounce Religion, Wall of Briars, Grow
Ballistomycete, Overgrow, Grow Oklob


You were in a Gauntlet.
You worshipped Fedhas.
Fedhas was extremely pleased with you.
You had blades for hands.
You visited 3 branches of the dungeon, and saw 17 of its levels.
You also visited: Gauntlet.

You collected 795 gold pieces.

Inventory:

Hand Weapons
 I - the +9 lance "Wyrmbane" {slay drac, rPois rF+ rC+ AC+3}
   (You took it off Maggie on level 9 of the Dungeon)

   AC+3:      It affects your AC (+3).
   rF+:       It protects you from fire.
   rC+:       It protects you from cold.
   rPois:     It protects you from poison
Missiles
 G - 2 silver javelins
 K - a curare-tipped dart
Armour
 n - a +0 pair of gloves (melded)
 s - a +0 pair of boots (worn)
Jewellery
 e - an amulet of guardian spirit (around neck)
 h - a +5 ring of evasion
 i - the ring "Qunon" (right blade hand) {rPois rF- AC+4 Dex+4}
   (You found it in a Gauntlet)

   [ring of protection]

   AC+4:      It affects your AC (+4).
   Dex+4:     It affects your dexterity (+4).
   rF-:       It makes you vulnerable to fire.
   rPois:     It protects you from poison
 m - a +6 ring of dexterity
 q - a ring of resist corrosion
 u - a ring of positive energy
 C - a +6 ring of intelligence
 D - a ring of protection from fire (left blade hand)
 L - a ring of wizardry
 P - an amulet of faith
 T - a ring of see invisible
Talismans
 b - a beast talisman
 c - a flux talisman
 X - a blade talisman (active)
Wands
 f - a wand of flame (22)
 M - a wand of charming (1)
 N - a wand of polymorph (3)
 Q - a wand of light (1)
Scrolls
 d - 3 scrolls of blinking
 k - 7 scrolls of teleportation
 l - 2 scrolls of brand weapon
 r - 2 scrolls of poison
 v - a scroll of enchant armour
 y - 2 scrolls of fear
 H - a scroll of butterflies
 R - 2 scrolls of torment
 S - a scroll of noise
 U - a scroll of amnesia
 Y - a scroll of vulnerability {unknown}
Potions
 a - 4 potions of curing
 g - a potion of invisibility
 j - 2 potions of attraction
 t - 3 potions of cancellation
 x - a potion of mutation
 z - a potion of experience
 B - 4 potions of brilliance
 F - 5 potions of haste
 W - a potion of might
 Z - a potion of enlightenment {unknown}


   Skills:
 - Level 8.5 Fighting
 - Level 10.0 Dodging
 - Level 10.0 Unarmed Combat
 - Level 3.8 Spellcasting
 - Level 5.0 Fire Magic
 * Level 8.6 Invocations
 - Level 12.4 Shapeshifting


You had 14 spell levels left.
You knew the following spells:

 Your Spells              Type           Power      Damage    Failure   Level
a - Ignite Poison         Fire/Tmut/Pois 7%         N/A       30%         3
b - Cigotuvi's Dreadful   Necr/Pois/Air  4%         N/A       30%         2

Your spell library contained the following spells:

 Spells                   Type           Power      Damage    Failure   Level
 Apportation              Tloc           4%         N/A       21%         1
 Freeze                   Ice            8%         1d3       21%         1
 Necrotise                Necr           8%         1d4       21%         1
 Shock                    Conj/Air       8%         1d3       21%         1
 Summon Small Mammal      Summ           8%         N/A       21%         1
 Inner Flame              Hex/Fire       9%         N/A       22%         3
 Ensorcelled Hibernation  Hex/Ice        4%         N/A       30%         2
 Passwall                 Tmut/Erth      1%         N/A       30%         2
 Call Canine Familiar     Summ           2%         N/A       52%         3
 Frozen Ramparts          Ice            4%         1d1       52%         3
 Gell's Gravitas          Tloc           2%         N/A       52%         3
 Hailstorm                Conj/Ice       2%         3d5       52%         3
 Summon Guardian Golem    Hex/Summ       2%         N/A       52%         3
 Swiftness                Air            2%         N/A       52%         3
 Teleport Other           Tloc           2%         N/A       52%         3
 Flame Wave               Conj/Fire      9%         2d6       56%         4
 Sticky Flame             Conj/Fire      9%         2d3       56%         4
 Airstrike                Air            1%         2d(1-17)  89%         4
 Manifold Assault         Tloc           2%         N/A       89%         4
 Freezing Cloud           Conj/Ice/Air   1%         6-21      99%         5
 Yara's Violent Unravell  Hex/Tmut       1%         3d3       99%         5
 Dispersal                Tloc           1%         N/A       100%        6
 Enfeeble                 Hex            1%         N/A       100%        7
 Disjunction              Tloc           1%         N/A       100%        8


Dungeon Overview and Level Annotations

Branches:
Dungeon (12/15)            Temple (1/1) D:6            Lair (4/5) D:9
 Shoals (0/4) Lair:2        Snake (0/4) Lair:2          Orc (0/2) D:9
Gauntlet (1/1)
  Slime: Lair:4-5

Altars:
Ashenzari
Cheibriados
Dithmenos
Elyvilon
Fedhas
Gozag
Hepliaklqana
Kikubaaqudgha
Makhleb
Nemelex Xobeh
Okawaru
Qazlal
Ru
Sif Muna
Trog
Uskayaw
Vehumet
Wu Jian
Xom
Yredelemnul
Zin
The Shining One

Portals:
Trove: D:12 (give 11 potions of heal wounds)

Annotations:
D:11 Erolcha Gauntlet 9 transporters


Innate Abilities, Weirdness & Mutations

You have blades for hands.
You are incapable of wielding weapons or throwing items.
You can breathe blasts of fire.
Your fiery red scales are hard. (AC +8)
You cannot fit into any form of body armour.
Your flesh is heat resistant. (rF+)
You are cold-blooded and may be slowed by cold attacks.


Message History

The hell beast bites you.
* * * LOW HITPOINT WARNING * * *
The hell beast closely misses you. The hell beast bites you.
* * * LOW HITPOINT WARNING * * *
The hell beast closely misses you.
You feel much better. The hell beast barely misses you.
The hell beast tramples you but does no damage.
You feel yourself speed up. The hell beast bites you!
The hell beast closely misses you. The hell beast bites you!
* * * LOW HITPOINT WARNING * * *
The hell beast closely misses you.
You closely miss the hell beast. You slash the hell beast.
The hell beast is moderately wounded.
You slice the hell beast!!
The hell beast is severely wounded.
The hell beast bites you!!
* * * LOW HITPOINT WARNING * * *
The hell beast tramples you.
* * * LOW HITPOINT WARNING * * *
You hold your ground!
You slash the hell beast!
The hell beast is severely wounded.
The hell beast bites you.
* * * LOW HITPOINT WARNING * * *
The hell beast tramples you but does no damage.
You barely miss the hell beast.
The hell beast is severely wounded.
The hell beast closely misses you. The hell beast barely misses you.
You slash the hell beast!
The hell beast is almost dead.
You barely miss the hell beast.
Your tail-slap misses the hell beast.
The hell beast is almost dead.
The hell beast closely misses you. The hell beast tramples you.
* * * LOW HITPOINT WARNING * * *
You hold your ground!
You hit the hell beast.
Your tail-slap misses the hell beast.
The hell beast is almost dead.
The hell beast bites you.
You die...
Fedhas appreciates your contribution to the ecosystem.

#########...#zz.z^....#...##
............###########...§#
....8.....8...............# ###
.................8.....8.## #...
##########...............≈##..#
....#..#.#...#########...##...##
...#..#..#...#..##...#...#......
..#..#..######.#...###...#.8©.##
.#..#..#.#...#.#@†#(!#...#....##
#.©#..#.©#©.©#..#2#.©#.8.#.8©...
.#..#..#.#...#..#..#[#...#....##
..#P.#..########...#.#...#.8©.#
...#..#..#...#...##..#...#......
....#..#.#...#########...##...##
##########...............≈##..#
.................8.....8.## #...
....8.....8...............# ###


You could see a hell beast.

Vanquished Creatures
  Nessos (Lair:3)
  A hydra (Lair:2)
  Erica (Lair:2)
  2 boulder beetles
  2 two-headed ogres (D:11)
  Nergalle (Lair:1)
  A skyshark (Lair:3)
  Pikel (D:5)
  An ugly thing (D:12)
  A salamander (Lair:2)
  A cyclops (D:12)
  A manticore (D:12)
  6 elephants (Lair:1)
  A black mamba (Lair:1)
  A torpor snail (Lair:3)
  Maggie (D:9)
  2 gargoyles
  A kobold demonologist (D:11)
  A rime drake (Lair:1)
  3 unseen horrors
  7 cane toads
  5 komodo dragons
  9 trolls
  The ghost of bumbalina the Shooter, a novice SpHu of Fedhas (D:6)
  2 polar bears (Lair:2)
  A hornet (D:9)
  Prince Ribbit (D:5)
  3 blink frogs (Lair:3)
  7 slime creatures (D:12)
  4 shadows
  A wraith (D:10)
  4 wyverns
  2 steam dragons (D:8)
  4 basilisks
  23 yaks
  Grum (D:9)
  3 nagas (Lair:2)
  2 hell hounds (Gauntlet)
  9 water moccasins
  3 acid dragons
  2 ice beasts
  5 orc warriors
  2 ogres
  3 black bears
  4 wolves
  6 centaurs
  A lemure (D:5)
  3 kobold brigands
  6 bullfrogs
  A scorpion (D:6)
  5 wights (D:7)
  5 killer bees (D:10)
  3 electric eels (D:9)
  3 howler monkeys
  A gnoll bouda (D:6)
  2 hounds (D:6)
  4 orc priests
  4 jellies
  A sleepcap (D:5)
  Terence (D:3)
  An iguana (D:6)
  7 orc wizards
  Robin (D:3)
  4 gnolls (D:6)
  10 adders
  2 shadow imps (D:7)
  A white imp (D:6)
  2 ufetubi (D:6)
  A worm (D:3)
  A dart slug (D:4)
  18 orcs
  6 bats
  An endoplasm (D:4)
  4 giant cockroaches
  10 hobgoblins
  3 jackals (D:1)
  5 quokkas
  5 ball pythons
  6 frilled lizards
  13 goblins
  21 kobolds
  6 rats
312 creatures vanquished.

Vanquished Creatures (collateral kills)
  A yak (Lair:3)
  2 ballistomycete spores (Lair:3)
3 creatures vanquished.

Vanquished Creatures (others)
  A bullfrog (Lair:3)
1 creature vanquished.

Grand Total: 316 creatures vanquished

Notes
Turn   | Place    | Note
-------+----------+-------------------------------------------
     0 | D:1      | Turgor the Draconian Shapeshifter began the quest for the
                  | Orb.
     0 | D:1      | Reached XP level 1. HP: 16/16 MP: 1/1
   217 | D:1      | Reached XP level 2. HP: 23/23 MP: 2/2
   748 | D:2      | Identified the +2 mace "Ultimatum" {flame, rPois rN+ MP+9
                  | Str+4}
   774 | D:2      | Reached XP level 3. HP: 27/28 MP: 3/3
   897 | D:2      | Reached skill level 4 in Shapeshifting
  1052 | D:2      | Reached XP level 4. HP: 35/35 MP: 4/4
  1461 | D:3      | Identified the +6 dagger "Quymp" {drain, *Noise Dex+3 SInv}
  1709 | D:3      | Noticed Robin
  1715 | D:3      | Killed Robin
  1802 | D:3      | Reached XP level 5. HP: 40/40 MP: 5/5
  1838 | D:3      | Noticed Terence
  1853 | D:3      | Killed Terence
  2153 | D:3      | Found a stormy altar of Qazlal.
  2443 | D:4      | Reached skill level 5 in Shapeshifting
  2548 | D:4      | Found a snail-covered altar of Cheibriados.
  2842 | D:5      | Entered Level 5 of the Dungeon
  2869 | D:5      | Noticed Pikel
  2869 | D:5      | Noticed a lemure
  2869 | D:5      | Noticed a lemure
  2869 | D:5      | Noticed a lemure
  2869 | D:5      | Noticed a wyvern
  2870 | D:5      | Noticed a lemure
  3026 | D:5      | Noticed a centaur
  3030 | D:5      | Found a bloodstained altar of Trog.
  3030 | D:5      | Found a white marble altar of Elyvilon.
  3036 | D:5      | Killed a centaur
  3037 | D:5      | Reached XP level 6. HP: 27/47 MP: 6/6
  3116 | D:5      | Noticed an ice beast
  3128 | D:5      | Killed an ice beast
  3129 | D:5      | Reached skill level 5 in Unarmed Combat
  3129 | D:5      | Reached skill level 6 in Shapeshifting
  3386 | D:5      | Noticed Prince Ribbit
  3390 | D:5      | Killed a wyvern
  3391 | D:5      | Your scales start taking on a fiery red colour.
  3391 | D:5      | Reached XP level 7. HP: 52/52 MP: 7/7
  3391 | D:5      | Gained mutation: Your flesh is heat resistant. (rF+) [Red
                  | Draconian growth]
  3398 | D:5      | Killed Pikel
  3399 | D:5      | Reached skill level 7 in Shapeshifting
  3399 | D:5      | Reached XP level 8. HP: 47/59 MP: 8/8
  3425 | D:5      | Killed Prince Ribbit
  3426 | D:5      | Reached skill level 8 in Shapeshifting
  3723 | D:6      | Noticed bumbalina's ghost (novice SpHu)
  3723 | D:6      | Found a runed translucent door.
  3951 | D:6      | Found a staircase to the Ecumenical Temple.
  3960 | Temple   | Entered the Ecumenical Temple
  3980 | Temple   | Learned a level 3 spell: Ignite Poison
  3983 | Temple   | Learned a level 2 spell: Cigotuvi's Dreadful Rot
  3994 | Temple   | Became a worshipper of Fedhas Madash
  4114 | D:6      | Reached skill level 9 in Shapeshifting
  4508 | D:6      | Killed bumbalina's ghost
  4509 | D:6      | Reached XP level 9. HP: 58/64 MP: 9/9
  4740 | D:7      | Reached * piety under Fedhas
  4812 | D:7      | Reached skill level 10 in Shapeshifting
  4995 | D:7      | Upgraded the game from 0.31-a0-1237-gabc64e778c to
                  | 0.31-a0-1300-gb6740aa4e6
  5201 | D:7      | Noticed an unseen horror
  5209 | D:7      | Killed an unseen horror
  5272 | D:7      | Identified the +0 hand axe of Doubt {heavy, rCorr}
  5340 | D:7      | Reached skill level 11 in Shapeshifting
  6050 | D:8      | Found a hazy altar of Hepliaklqana.
  6217 | D:8      | Reached XP level 10. HP: 65/73 MP: 10/10
  6251 | D:8      | Found a sacrificial altar of Ru.
  6268 | D:8      | Reached ** piety under Fedhas
  6687 | D:9      | Found a staircase to the Orcish Mines.
  6698 | D:9      | Noticed Grum
  6833 | D:9      | Killed Grum
  6874 | D:9      | Found a staircase to the Lair.
  7308 | D:9      | Reached skill level 5 in Fighting
  7420 | D:9      | Reached skill level 10 in Unarmed Combat
  7479 | D:9      | Reached XP level 11. HP: 79/86 MP: 9/11
  7561 | D:9      | Noticed Maggie
  7573 | D:9      | Killed Maggie
  7627 | D:9      | Reached skill level 5 in Dodging
  7762 | D:10     | Entered Level 10 of the Dungeon
  7801 | D:10     | Reached *** piety under Fedhas
  7881 | D:10     | Reached skill level 12 in Shapeshifting
  7966 | D:10     | Found a burning altar of Makhleb.
  8425 | D:9      | Found an opulent altar of Gozag.
  8686 | D:11     | Noticed a boulder beetle
  8688 | D:11     | Noticed a two-headed ogre
  8724 | D:11     | Killed a boulder beetle
  8832 | D:11     | Noticed a sun demon
  8880 | D:11     | Reached **** piety under Fedhas
  8979 | D:11     | Noticed Erolcha
  9034 | D:11     | Noticed a two-headed ogre
  9040 | D:11     | Killed a two-headed ogre
  9540 | D:11     | Killed a two-headed ogre
  9596 | D:12     | Noticed a boulder beetle
  9603 | D:12     | Killed a boulder beetle
  9604 | D:12     | Reached skill level 1 in Fire Magic
  9701 | D:12     | Reached skill level 1 in Spellcasting
 10156 | D:12     | Reached XP level 12. HP: 100/100 MP: 14/14
 10239 | D:12     | Found a portal to a secret trove of treasure.
 10949 | Lair:1   | Entered Level 1 of the Lair of Beasts
 10969 | Lair:1   | Reached ***** piety under Fedhas
 10970 | Lair:1   | Reached skill level 1 in Invocations
 11238 | Lair:1   | Noticed Nergalle
 11249 | Lair:1   | Killed Nergalle
 11313 | Lair:1   | You fall into a shaft and drop 1 floor!
 11395 | Lair:2   | Noticed Erica
 11572 | Lair:2   | Noticed a five-headed hydra
 11603 | Lair:2   | Killed a five-headed hydra
 11994 | Lair:2   | Found a staircase to the Snake Pit.
 12196 | Lair:2   | Identified the +4 chain mail of the Poles {rPois MP+9}
 12356 | Lair:1   | Reached skill level 5 in Fire Magic
 12557 | Lair:1   | Reached skill level 5 in Invocations
 12974 | Lair:1   | Reached XP level 13. HP: 76/108 MP: 13/18
 13242 | Lair:2   | Found a staircase to the Shoals.
 13365 | Lair:2   | Killed Erica
 13543 | Lair:3   | Reached skill level 10 in Dodging
 13920 | Lair:3   | Noticed Nessos
 13962 | Lair:3   | Killed Nessos
 14633 | Lair:4   | Found a gate leading to a gauntlet.
 14642 | Gauntlet | Entered a Gauntlet
 14642 | Gauntlet | Found a transporter.
 14645 | Gauntlet | Found a transporter.
 14647 | Gauntlet | Found a transporter.
 14650 | Gauntlet | Found a transporter.
 14651 | Gauntlet | Found a transporter.
 14651 | Gauntlet | Found a transporter.
 14658 | Gauntlet | Noticed a reaper
 14659 | Gauntlet | Found a transporter.
 14661 | Gauntlet | Found a transporter.
 14678 | Gauntlet | Found a transporter.
 14679 | Gauntlet | Upgraded the game from 0.31-a0-1300-gb6740aa4e6 to
                  | 0.31-a0-1308-ga3cce3a448
 14684 | Gauntlet | Found a transporter.
 14688 | Gauntlet | Found a transporter.
 14697 | Gauntlet | Found a transporter.
 14734 | Gauntlet | Identified the ring "Qunon" {rPois rF- AC+4 Dex+4}
 14775 | Gauntlet | HP: 5/108 [hell beast (3)]
 14778 | Gauntlet | HP: 1/108 [hell beast (4)]
 14779 | Gauntlet | Slain by a hell beast

Illustrated notes

Levels and vault maps discovered:
D:1:      scummos_arrival_simple_fountains, layout_basic,
          amcnicky_mini_corridor_feature
D:2:      minmay_angry_zag, layout_rooms, kennysheep_generic_room_6
D:3:      layout_basic, pf_just_have_faith, uniq_terence, uniq_robin
D:4:      layout_cave_pools, overflow_temple_1_default
D:5:      layout_gridville, jmf_multi_god_temple, uniq_pikel,
          uniq_prince_ribbit1
D:6:      layout_cave_pools, minmay_temple_entry_tees,
          hellmonk_ghost_happy_afterlife
D:7:      layout_basic
D:8:      layout_cave_pools, nicolae_ru_great_annihilating_truth,
          nicolae_hepliaklqana_hazy_memory
D:9:      lemuel_troll_bridge, layout_basic, mainiacjoe_overflow_tiny_flanked,
          uniq_grum, uniq_maggie
D:10:     layout_gridville, lightli_temple_of_fire, pond
D:11:     layout_loops_ring, uniq_erolcha
D:12:     layout_basic, enter_trove_1
Temple:   minmay_temple_curvy_branch
Lair:1:   layout_roguey, st_stairs_3, grunt_forest_small_clearings,
          infiniplex_staircase_pool, uniq_nergalle
Lair:2:   layout_regular_city, elwin_shoals_entry_rocks,
          alex1729_snake_entry_snake, gammafunk_lair_bear_cave, uniq_erica
Lair:3:   layout_gridlike, uniq_nessos
Lair:4:   layout_roguey, gauntlet_entry_generic, lemuel_fruit_fields,
          infiniplex_staircase_pool_2, uniq_rupert, uniq_snorg
Gauntlet: minmay_gauntlet_mixed_oops_all_seconds
          [minmay_gauntlet_arena_77_double_cross,
          gammafunk_gauntlet_arena_arrow_garden,
          minmay_gauntlet_arena_77_radiant_squares,
          gammafunk_gauntlet_arena_teeth, minmay_gauntlet_arena_77_squiggly,
          gammafunk_gauntlet_arena_open, gauntlet_exit_green]

Skill      XL: |  1  2  3  4  5  6  7  8  9 10 11 12 13 |
---------------+----------------------------------------+-----
Shapeshifting  | 4 5 6 7 9 11 12 | 12.4
Unarmed Combat | 4 5 6 7 9 10 | 10.0
Dodging        | 2 4 7 9 10 | 10.0
Fighting       | 5 7 8 |  8.5
Fire Magic     | 2 5 |  5.0
Spellcasting   | 1 3 |  3.8
Invocations    | 6 8 |  8.6

Action                     |  1- 3 |  4- 6 |  7- 9 | 10-12 | 13-15 || total
---------------------------+-------+-------+-------+-------+-------++-------
  Melee: Unarmed           |   105 |   141 |   271 |   526 |    76 ||  1119
         Tailslap          |    11 |    19 |    50 |   113 |    16 ||   209
         Punch             |     1 |     5 |     2 |       |     4 ||    12
 Invoke: Wall of Briars    |       |       |       |       |     1 ||     1
         Grow Ballistomyce |       |       |       |       |     1 ||     1
Ability: Breathe Fire      |       |       |     5 |    62 |     7 ||    74
  Evoke: Wand              |       |       |       |    14 |     4 ||    18
    Use: Scroll            |       |     6 |     3 |    15 |     4 ||    28
         Potion            |       |     2 |     1 |     1 |     3 ||     7
   Stab: Sleeping          |       |     4 |     2 |       |       ||     6
         Paralysed         |       |       |       |     2 |       ||     2
         Invisible         |       |       |       |       |     3 ||     3
         Confused          |       |       |       |       |     2 ||     2
 Armour: Skin              |    60 |   103 |   128 |   160 |    62 ||   513
  Dodge: Dodged            |    70 |    75 |   196 |   475 |    91 ||   907
   Form: Flux              |       |       |     1 |       |       ||     1
         Blade             |       |       |       |     1 |       ||     1

Table legend: (Time is in decaauts)
 A = Elapsed time spent in this place.
 B = Non-inter-level travel time spent in this place.
 C = Inter-level travel time spent in this place.
 D = Time resting spent in this place.
 E = Time spent auto-exploring this place.
 F = Levels seen in this place.
 G = Mean time per level.
                   A        B        C        D        E       F      G
               +--------+--------+--------+--------+--------+-----+--------+
         Total |  14708 |  14160 |    548 |   1120 |   9349 |  18 |  817.1 |
       Dungeon |  10940 |  10521 |    419 |    988 |   7108 |  12 |  911.7 |
        Temple |     45 |     35 |     10 |      0 |      0 |   1 |   45.0 |
          Lair |   3595 |   3476 |    119 |    131 |   2241 |   4 |  898.8 |
      Gauntlet |    126 |    126 |      0 |      0 |      0 |   1 |  126.0 |
               +--------+--------+--------+--------+--------+-----+--------+

Top non-repeatable levels by time:
     D:7: 1516 daAuts
     D:9: 1428 daAuts
  Lair:2: 1364 daAuts
    D:12: 1300 daAuts
  Lair:3: 1149 daAuts
     D:3: 1075 daAuts
  Lair:1: 1067 daAuts
     D:5: 921 daAuts
    D:11: 907 daAuts
     D:1: 735 daAuts
     D:6: 671 daAuts
    D:10: 662 daAuts
     D:8: 651 daAuts
     D:2: 552 daAuts
     D:4: 516 daAuts
